 Dungeon Crawl Stone Soup version 0.31.0-12-g77e489cdc1 (webtiles) character file.

Game seed: 4930257283228438397

4175 sking99 the Digger (level 10, -3/86 HPs)
             Began as a Green Draconian Earth Elementalist on Feb 23, 2024.
             Was a Priest of Fedhas.
             Hit by a large rock thrown by a cyclops (28 damage)
             ... on level 9 of the Dungeon.
             The game lasted 00:22:59 (9097 turns).

sking99 the Digger (DrEE)                           Turns: 9097, Time: 00:22:59

Health: -3/86      AC: 13    Str: 10    XL:     10   Next: 8%
Magic:  19/19      EV: 12    Int: 20    God:    Fedhas [***...]
Gold:   403        SH:  0    Dex: 12    Spells: 7/22 levels left

rFire   . . .        (no weapon)
rCold   . . .        (no shield)
rNeg    . . .        (body armour unavailable)
rPois   +            (helmet restricted)
rElec   +            v - +0 cloak
rCorr   +            (no gloves)
SInv    .            e - +0 pair of boots
Will    .....        p - amulet of regeneration
Stlth   ++           i - +4 ring of protection
HPRegen 1.14/turn    u - ring "Pyppiala" {rElec rCorr}
MPRegen 0.16/turn

%: no passive effects
@: no status effects
A: breathe noxious fumes, AC +7, unfitting armour, poison resistance,
cold-blooded
a: Breathe Noxious Fumes, Renounce Religion, Wall of Briars, Grow Ballistomycete


You were on level 9 of the Dungeon.
You worshipped Fedhas.
Fedhas was most pleased with you.
You visited 2 branches of the dungeon, and saw 10 of its levels.

You collected 403 gold pieces.

Inventory:

Missiles
 K - a throwing net
Armour
 e - a +0 pair of boots (worn)
 j - a +0 buckler
 v - a +0 cloak (worn)
 y - a +0 pair of gloves
Jewellery
 h - an amulet of guardian spirit
 i - a +4 ring of protection (left hand)
 l - a ring of see invisible
 p - an amulet of regeneration (around neck)
 t - a ring of resist corrosion
 u - the ring "Pyppiala" (right hand) {rElec rCorr}
   (You found it on level 3 of the Dungeon)

   [ring of resist corrosion]

   rElec:     It insulates you from electricity.
   rCorr:     It protects you from acid and corrosion.
 w - a ring of fire
 D - an amulet of the acrobat
Wands
 b - a wand of polymorph (20)
 n - a wand of flame (38)
 A - a wand of charming (13)
 H - a wand of mindburst (15)
Scrolls
 d - a scroll of fog {unknown}
 o - 2 scrolls of vulnerability
 q - 3 scrolls of identify
 z - 2 scrolls of fear {unknown}
 B - a scroll of torment {unknown}
 E - a scroll of butterflies {unknown}
 F - a scroll of blinking
 G - 2 scrolls of enchant weapon {unknown}
 I - a scroll of teleportation
Potions
 a - a potion of magic
 c - 3 potions of haste {unknown}
 f - a potion of might {unknown}
 g - 2 potions of lignification
 k - a potion of invisibility {unknown}
 m - 8 potions of curing {unknown}
 r - 2 potions of attraction
 s - a potion of resistance {unknown}
 x - a potion of brilliance {unknown}
 C - a potion of heal wounds {unknown}
 J - a potion of cancellation {unknown}


   Skills:
 + Level 7.3 Fighting
 - Level 1.8 Dodging
 - Level 1.8 Stealth
 + Level 6.6 Spellcasting
 + Level 6.8 Conjurations
 + Level 1.5 Translocations
 * Level 4.5 Fire Magic
 - Level 7.5 Earth Magic


You had 7 spell levels left.
You knew the following spells:

 Your Spells              Type           Power      Damage    Failure   Level
a - Sandblast             Erth           72%        2d16      1%          1
b - Stone Arrow           Conj/Erth      70%        3d11      1%          3
c - Brom's Barrelling Bo  Conj/Erth      35%        2d5       4%          4
d - Flame Wave            Conj/Fire      29%        2d9       10%         4
e - Volatile Blastmotes   Fire/Tloc      36%        2d13      9%          3

Your spell library contained the following spells:

 Spells                   Type           Power      Damage    Failure   Level
 Foxfire                  Conj/Fire      100%       2x1d9     1%          1
 Passwall                 Erth           36%        N/A       1%          3
 Momentum Strike          Conj/Tloc      46%        3d9       2%          2
 Scorch                   Fire           48%        2d7       2%          2
 Apportation              Tloc           24%        N/A       5%          1
 Dazzling Flash           Conj/Hex       40%        N/A       7%          3
 Blink                    Tloc           24%        N/A       8%          2
 Lesser Beckoning         Tloc           24%        N/A       8%          2
 Summon Small Mammal      Summ           24%        N/A       10%         1
 Jinxbite                 Hex            12%        N/A       16%         2
 Petrify                  Alch/Erth      21%        N/A       22%         4
 Call Canine Familiar     Summ           6%         N/A       30%         3
 Summon Blazeheart Golem  Fire/Summ      15%        N/A       36%         4
 Starburst                Conj/Fire      14%        6d6       82%         6
 Alistair's Intoxication  Alch           4%         N/A       95%         5
 Plasma Beam              Fire/Air       7%         2x1d18    99%         6
 Summon Cactus Giant      Summ           3%         N/A       100%        6
 Maxwell's Capacitive Co  Air            3%         ∞         100%        8


Dungeon Overview and Level Annotations

Branches:
Dungeon (9/15)             Temple (1/1) D:4
   Lair: D:8-11         Orc: D:9-12

Altars:
Ashenzari
Cheibriados
Dithmenos
Elyvilon
Fedhas
Gozag
Hepliaklqana
Kikubaaqudgha
Makhleb
Nemelex Xobeh
Okawaru
Qazlal
Ru
Sif Muna
Trog
Uskayaw
Vehumet
Wu Jian
Yredelemnul
Zin
The Shining One


Innate Abilities, Weirdness & Mutations

You can breathe blasts of noxious fumes.
Your lurid green scales are hard. (AC +7)
You cannot fit into any form of body armour.
Your system is resistant to poisons. (rPois)
You are cold-blooded and may be slowed by cold attacks.


Message History

You see here a +0 mace.
Things that are here:
a +0 leather armour; a +0 whip
There is an open door here.
There is an open door here.
Found a stone staircase leading down.
There is a stone staircase leading down here.
Done exploring.
Done exploring.
Done exploring.
There is a stone staircase leading down here.
You climb downwards.
Found 2 inky potions.
There is a stone staircase leading up here.
m - 8 inky potions (gained 2)
A centaur comes into view.
The centaur shouts!
You hear a shout!
The centaur wields a +0 orcbow.
The centaur shoots an arrow.
The arrow hits you but does no damage.
The centaur shoots an arrow.
The arrow hits you but does no damage.
The centaur shoots an arrow.
The arrow closely misses you.
A cyclops comes into view.
The cyclops shouts!
The centaur shoots an arrow.
The arrow closely misses you.
Found 3 scrolls of blinking.
The centaur shoots an arrow.
The arrow misses you.
Casting: Flame Wave (dangerous; 10% risk of failure)
Confirm with . or Enter, or press ? or * to list all spells.
Aiming: Sandblast (safe; 1% risk of failure)
Press: ? - help, Shift-Dir - straight line, f - centaur
Aim: a centaur, wielding a +0 orcbow (90% to hit)
The blast of sand hits the centaur!!
You kill the centaur!
Fedhas appreciates your contribution to the ecosystem.
You hear a splash.
The cyclops throws a large rock.
The large rock hits you!!!
The cyclops throws a large rock.
The large rock hits you!!
* * * LOW HITPOINT WARNING * * *
The cyclops throws a large rock.
The large rock hits you!!
You die...
Fedhas appreciates your contribution to the ecosystem.

..# #.### #.# ####.... ..##
........ ... #.#.#.# #.# .#
####.....########.#
.....................# ##
#..##..#.#.####.###.###....
#...........@..............
.#......#...#....###.###..##
.......<...................#
............#....###C.~~...#
.................# ~..)~...#
............~≈~#.# ~.......#
............~~~~.##~C.~~..?#
...........................#
..##............. ..........


You could see a cyclops.

Vanquished Creatures
  Pikel (D:5)
  Maurice (D:7)
  Grinder (D:5)
  Eustachio (D:5)
  Menkaure (D:5)
  3 orc warriors
  2 black bears
  A sky beast (D:7)
  A centaur (D:9)
  A lemure (D:5)
  3 phantoms
  2 kobold brigands (D:8)
  3 scorpions
  A bullfrog (D:8)
  A gnoll sergeant (D:6)
  10 wights
  3 bombardier beetles
  2 hounds
  A jelly (D:4)
  An orc priest (D:7)
  Crazy Yiuf (D:3)
  Jessica (D:3)
  A gnoll bouda (D:8)
  An iguana (D:4)
  Terence (D:3)
  11 orc wizards
  9 gnolls
  12 adders
  3 shadow imps
  A white imp (D:4)
  3 dart slugs
  2 ribbon worms
  26 orcs
  5 ball pythons
  4 endoplasms
  2 giant cockroaches
  13 goblins
  8 hobgoblins
  3 jackals (D:4)
  3 quokkas
  4 bats
  18 kobolds
  27 rats
  A boulder (D:7)
200 creatures vanquished.

Vanquished Creatures (collateral kills)
  4 boulders
4 creatures vanquished.

Vanquished Creatures (others)
  6 boulders
6 creatures vanquished.

Grand Total: 210 creatures vanquished

Notes
Turn   | Place    | Note
-------+----------+-------------------------------------------
     0 | D:1      | sking99 the Draconian Earth Elementalist began the quest
                  | for the Orb.
     0 | D:1      | Reached XP level 1. HP: 14/14 MP: 3/3
   220 | D:1      | Found a faded altar of an unknown god.
   305 | D:1      | Reached XP level 2. HP: 22/22 MP: 1/5
  1129 | D:2      | Reached skill level 1 in Fighting
  1129 | D:2      | Reached XP level 3. HP: 28/28 MP: 2/6
  1427 | D:2      | Learned a level 3 spell: Stone Arrow
  1705 | D:3      | Noticed Jessica
  1710 | D:3      | Killed Jessica
  1711 | D:3      | Reached XP level 4. HP: 21/35 MP: 4/7
  1896 | D:3      | Reached XP level 5. HP: 41/41 MP: 5/9
  2164 | D:3      | Found a bloodstained altar of Trog.
  2190 | D:3      | Noticed Terence
  2205 | D:3      | Killed Terence
  2580 | D:3      | Identified the ring "Pyppiala" {rElec rCorr}
  2672 | D:3      | Reached XP level 6. HP: 50/50 MP: 8/10
  2697 | D:3      | Found a runed translucent door.
  2698 | D:3      | Noticed Crazy Yiuf
  3151 | D:3      | Killed Crazy Yiuf
  3152 | D:3      | Reached skill level 5 in Earth Magic
  3373 | D:4      | Found an opulent altar of Gozag.
  3602 | D:4      | Learned a level 4 spell: Brom's Barrelling Boulder
  3675 | D:4      | Found a staircase to the Ecumenical Temple.
  3684 | Temple   | Entered the Ecumenical Temple
  3725 | Temple   | Became a worshipper of Fedhas Madash
  4105 | D:4      | Your scales start taking on a lurid green colour.
  4105 | D:4      | Reached XP level 7. HP: 57/57 MP: 4/12
  4105 | D:4      | Gained mutation: Your system is resistant to poisons.
                  | (rPois) [Green Draconian growth]
  4313 | D:5      | Entered Level 5 of the Dungeon
  4556 | D:5      | Noticed Menkaure
  4602 | D:5      | Killed Menkaure
  4715 | D:5      | Identified the +6 sling "Qabbysothra" {antimagic, rElec}
  4750 | D:5      | Noticed Eustachio
  4902 | D:5      | Killed Eustachio
  5019 | D:5      | Reached XP level 8. HP: 67/67 MP: 3/14
  5326 | D:5      | Noticed Grinder
  5333 | D:5      | Killed Grinder
  5484 | D:5      | Noticed Pikel
  5496 | D:5      | Reached skill level 5 in Fighting
  5502 | D:5      | Killed Pikel
  5503 | D:5      | Reached skill level 5 in Spellcasting
  5503 | D:5      | Reached skill level 5 in Conjurations
  5703 | D:5      | Reached XP level 9. HP: 64/75 MP: 10/17
  5751 | D:5      | Reached * piety under Fedhas
  5924 | D:6      | You fall into a shaft and drop 3 floors!
  5994 | D:9      | Noticed a two-headed ogre
  6346 | D:7      | Learned a level 4 spell: Flame Wave
  6441 | D:7      | Reached skill level 1 in Fire Magic
  6504 | D:7      | Noticed Maurice
  6521 | D:7      | Killed Maurice
  6759 | D:7      | Found an ancient bone altar of Kikubaaqudgha.
  6760 | D:7      | Found a sparkling altar of Nemelex Xobeh.
  6760 | D:7      | Found a glowing golden altar of the Shining One.
  7393 | D:6      | Learned a level 3 spell: Volatile Blastmotes
  7496 | D:6      | Reached ** piety under Fedhas
  7758 | D:7      | Found a broken altar of Ashenzari.
  7832 | D:7      | Found a shimmering blue altar of Sif Muna.
  8183 | D:8      | Found a hide-covered altar of Uskayaw.
  8215 | D:8      | Reached skill level 1 in Translocations
  8546 | D:8      | Reached XP level 10. HP: 86/86 MP: 7/19
  8790 | D:8      | Reached *** piety under Fedhas
  9006 | D:8      | Found a hazy altar of Hepliaklqana.
  9088 | D:9      | Noticed a cyclops
  9097 | D:9      | Hit by a large rock thrown by a cyclops

Illustrated notes

Levels and vault maps discovered:
D:1:      sevenhm_arrival_forest_fort_large_2, layout_basic,
          basic_ecumenical_altar, minmay_misc_feat_square
D:2:      layout_basic
D:3:      layout_basic, old_standard_altar, minmay_rat_hole, uniq_jessica,
          uniq_terence, uniq_crazy_yiuf_cottage
D:4:      layout_basic, mainiacjoe_overflow_boulevard,
          minmay_temple_entry_drinking_statues, lemuel_flame_loot_1
D:5:      layout_loops_ring, minmay_misc_feat_iff, uniq_grinder, uniq_menkaure,
          uniq_eustachio, uniq_pikel
D:6:      layout_loops_ring
D:7:      cheibrodos_quashed, layout_loops_ring,
          mainiacjoe_overflow_surrounded_room, kennysheep_orc_sif_temple,
          gammafunk_temple_overflow_claw, uniq_maurice
D:8:      layout_cave_pools, worldfamousw_hep_ancestral_shrine,
          nicolae_uskayaw_dance_hall
D:9:      layout_basic, david_lair_generic
Temple:   hellmonk_temple_forest_ring

Skill      XL: |  1  2  3  4  5  6  7  8  9 |
---------------+----------------------------+-----
Fighting       | 1 2 3 4 5 7 |  7.3
Conjurations   | 2 3 4 5 6 |  6.8
Earth Magic    | 4 5 6 7 |  7.5
Spellcasting   | 3 4 5 6 |  6.6
Fire Magic     | 4 |  4.5
Translocations | 1 |  1.5
Dodging        | |  1.8
Stealth        | |  1.8

Action                     |  1- 3 |  4- 6 |  7- 9 | 10-12 || total
---------------------------+-------+-------+-------+-------++-------
  Melee: Unarmed           |       |    11 |     8 |       ||    19
         Tailslap          |       |     1 |     3 |       ||     4
   Cast: Sandblast         |    53 |   101 |    93 |     9 ||   256
         Stone Arrow       |       |     6 |    51 |     3 ||    60
         Brom's Barrelling |       |       |    13 |       ||    13
         Flame Wave        |       |       |     3 |     3 ||     6
         Volatile Blastmot |       |       |     2 |       ||     2
Ability: Breathe Noxious F |       |       |     2 |       ||     2
    Use: Scroll            |       |     6 |       |       ||     6
 Armour: Skin              |     7 |    47 |    53 |    14 ||   121
  Dodge: Dodged            |     7 |    35 |    51 |     5 ||    98
